 Dungeon Crawl Stone Soup version 0.18.1-5-g4a78601 (webtiles) character file.

857771 Medar the Archmage (level 27, -6/188 HPs)
             Began as a Deep Elf Arcane Marksman on May 9, 2016.
             Was the Champion of Vehumet.
             Killed from afar by an orb of fire (43 damage)
             ... with a fireball
             ... on level 27 of a ziggurat on May 12, 2016.
             The game lasted 07:04:48 (101003 turns).

Medar the Archmage (Deep Elf Arcane Marksman)     Turns: 101003, Time: 07:04:48

Health: -6/188     AC: 28    Str: 13    XL:     27
Magic:  34/63      EV: 38    Int: 39    God:    Vehumet [******]
Gold:   1214       SH:  9    Dex: 24    Spells: 14 memorised, 1 level left

rFire  + . .     SeeInvis .     a - staff of air
rCold  + . .     Gourm    .     S - +4 faerie dragon armour {rElec rCorr HP-2 MP+7}
rNeg   . . .     Faith    .     K - +3 buckler {AC+3}
rPois  .         Spirit   .     J - +2 helmet of Dehub {MR++ Dex+4}
rElec  +         Dismiss  .     M - +2 cloak of Starlight {rElec rC+ EV+4 Stlth--}
rCorr  +         Reflect  .     R - +0 pair of gloves of Satisfaction {Regen+ Str+2}
SustAt .         Harm     .     f - +2 pair of boots {Fly}
MR     ++++.                    g - amulet of Vitality {Regen+ HP+15}
Stlth  ..........               t - +5 ring of intelligence
                                d - ring "Kapsedgh" {rF+ EV+3 Dex+4}

@: brilliant, about to teleport, flying, very slightly contaminated,
regenerating, delayed fireball, deflect missiles, incredibly resistant to
hostile enchantments, extremely unstealthy
A: hooves 1, thin skeletal structure 1, mutation resistance 1, MP-powered wands
a: Renounce Religion, Release Delayed Fireball, Stop Flying
}: 4/15 runes: barnacled, slimy, silver, gossamer


You were on level 27 of a ziggurat.
You worshipped Vehumet.
Vehumet was exalted by your worship.
You were not hungry.

You visited 11 branches of the dungeon, and saw 56 of its levels.
You visited the Abyss 1 time.
You visited 1 bazaar.
You visited 1 ziggurat, and saw 27 of its levels.
You also visited: Labyrinth.

You collected 8688 gold pieces.
You spent 7474 gold pieces at shops.

Inventory:

Hand Weapons
 v - a +3 eudemon blade of holy wrath
Armour
 c - the -2 hat of the Alchemist {rElec rPois rF+ rC+ rN+ MR+ rMut rCorr}
   (You found it on level 19 of a ziggurat)

   It protects you from fire.
   It protects you from cold.
   It insulates you from electricity.
   It protects you from poison.
   It protects you from negative energy.
   It affects your resistance to hostile enchantments.
   It protects you from acid and corrosion.
   It protects you from mutation.
 f - a +2 pair of boots of flying (worn)
 E - the +0 cloak of Plog {rPois rF- rC+ Slay+3}
   (You found it on level 15 of the Dungeon)

   It affects your accuracy and damage with ranged weapons and melee attacks
   (+3).
   It makes you vulnerable to fire.
   It protects you from cold.
   It protects you from poison.
 J - the +2 helmet of Dehub (worn) {MR++ Dex+4}
   (You found it on level 8 of the Lair of Beasts)

   It affects your dexterity (+4).
   It affects your resistance to hostile enchantments.
 K - a +3 buckler of protection (worn)
 M - the +2 cloak of Starlight (worn) {rElec rC+ EV+4 Stlth--}
   (You found it on level 20 of a ziggurat)

   It affects your evasion (+4).
   It protects you from cold.
   It insulates you from electricity.
   It makes you much less stealthy.
 R - the +0 pair of gloves of Satisfaction (worn) {Regen+ Str+2}
   (You acquired it on level 1 of the Vaults)

   It affects your strength (+2).
   It increases your rate of regeneration.
 S - the +4 faerie dragon armour (worn) {rElec rCorr HP-2 MP+7}
   (You took it off the Enchantress on level 5 of the Depths)

   It insulates you from electricity.
   It affects your health (-2).
   It affects your magic capacity (+7).
   It protects you from acid and corrosion.
 T - the +0 pair of gloves "Oqaotepn" {*Confuse Regen+ Str-2 Int+9}
   (You found it on level 26 of a ziggurat)

   It affects your strength (-2).
   It affects your intelligence (+9).
   It increases your rate of regeneration.
   It may confuse you when you take damage.
Magical Staves
 a - an uncursed staff of air (weapon)
 b - an uncursed staff of energy {!a}
 h - an uncursed staff of earth
 U - an uncursed staff of fire
Jewellery
 d - the ring "Kapsedgh" (left hand) {rF+ EV+3 Dex+4}
   (You found it on level 22 of a ziggurat)

   [ring of evasion]

   It affects your evasion (+3).
   It affects your dexterity (+4).
   It protects you from fire.
 g - the amulet of Vitality (around neck) {Regen+ HP+15}
   (You took it off a greater mummy on level 3 of the Depths)

   [amulet of regeneration]

   It affects your health (+15).
   It increases your rate of regeneration.
 t - a +5 ring of intelligence (right hand)
 x - the ring "Puohix" {Slay+5 Stlth+}
   (You found it on level 26 of a ziggurat)

   [ring of stealth]

   It affects your accuracy and damage with ranged weapons and melee attacks
   (+5).
   It makes you more stealthy.
 G - the ring of Miracles {Fragile +Fly rC++ Int+3}
   (You found it on level 19 of a ziggurat)

   [ring of flight]

   It affects your intelligence (+3).
   It greatly protects you from cold.
   It lets you fly.
   It will be destroyed if unequipped.
 O - an uncursed ring of see invisible
 W - the amulet of Cekugob {Dismiss -Tele rElec rPois rN++ AC+1 EV+1}
   (You found it on level 15 of a ziggurat)

   [amulet of dismissal]

   It may teleport away creatures that harm you.
   It affects your AC (+1).
   It affects your evasion (+1).
   It insulates you from electricity.
   It protects you from poison.
   It greatly protects you from negative energy.
   It prevents most forms of teleportation.
Wands
 u - a wand of digging (10/24)
 y - a wand of hasting (3/9)
 F - a wand of heal wounds (2/9)
 H - a wand of teleportation (4/9)
 Q - a wand of disintegration (10/24)
Scrolls
 q - 6 scrolls of blinking
 s - 20 scrolls of fog
 A - 3 scrolls of summoning
 B - 7 scrolls of identify {@r2}
 C - 9 scrolls of magic mapping {@r3}
 D - 8 scrolls of holy word
 L - 20 scrolls of teleportation
 V - 24 scrolls of remove curse {@r1}
 Y - 4 scrolls of silence {!r}
 Z - 13 scrolls of recharging
Potions
 i - 7 potions of heal wounds
 j - 8 potions of cure mutation {!q}
 k - 9 potions of agility
 l - 8 potions of ambrosia
 m - 4 potions of resistance
 o - 15 potions of brilliance
 p - 27 potions of curing {@q1}
 r - 4 potions of magic
 w - 13 potions of haste
 I - 6 potions of invisibility
 X - 13 potions of might
Miscellaneous
 n - a crystal ball of energy
 P - a phial of floods
Comestibles
 e - 9 meat rations {@e2}
 z - 35 fruits {@e3}
 N - 27 bread rations {@e1}


   Skills:
 + Level 18.3 Fighting
   Level 3.6(5.6) Short Blades
 - Level 6.1(6.5) Long Blades
 - Level 13.0 Staves
 - Level 2.0 Throwing
 - Level 11.1 Armour
 - Level 19.0 Dodging
 - Level 5.0 Shields
 O Level 27 Spellcasting
 - Level 24.9 Conjurations
   Level 4.6 Hexes
 - Level 9.3 Charms
 - Level 1.0 Translocations
 - Level 6.4 Transmutations
 - Level 11.2 Fire Magic
 - Level 24.5 Air Magic
 - Level 22.4 Earth Magic
 - Level 17.2 Evocations


You had one spell level left.
You knew the following spells:

 Your Spells              Type           Power        Failure   Level  Hunger
b - Bolt of Fire          Conj/Fire      ########..   1%          6    None
c - Tornado               Air            #########.   1%          9    None
e - Haste                 Chrm           #######.     1%          6    None
m - Airstrike             Air            #########.   0%          4    None
q - Statue Form           Trmt/Erth      #######..    1%          6    None
r - Deflect Missiles      Chrm/Air       ########..   1%          6    None
s - Chain Lightning       Conj/Air       #########.   1%          8    None
v - Lehudib's Crystal Sp  Conj/Erth      #######...   1%          8    None
w - Blink                 Tloc           N/A          1%          2    None
x - Fireball              Conj/Fire      ########..   0%          5    None
M - Shatter               Erth           #######...   1%          9    None
P - Delayed Fireball      Conj/Fire      N/A          1%          7    None
Q - Regeneration          Chrm/Necr      #######...   1%          3    None
V - Lee's Rapid Deconstr  Erth           #######...   0%          5    None


Dungeon Overview and Level Annotations

Branches:
Dungeon (15/15)            Temple (1/1) D:4            Lair (8/8) D:8
 Shoals (4/4) Lair:3       Spider (4/4) Lair:3        Slime (6/6) Lair:8
    Orc (2/2) D:12            Elf (3/3) Orc:2        Vaults (5/5) D:13
  Crypt (3/3) Vaults:3       Tomb (0/3) Crypt:3      Depths (5/5) D:15
    Zot (0/5) Depths:5

Altars:
Ashenzari
Cheibriados
Dithmenos
Elyvilon
Fedhas
Gozag
Kikubaaqudgha
Makhleb
Nemelex Xobeh
Okawaru
Pakellas
Qazlal
Ru
Sif Muna
Trog
Vehumet
Xom
Yredelemnul
Zin
The Shining One
Beogh

Shops:
D:11 *   Orc:2 ([[(   Vaults:1 [?:   Vaults:3 (   Vaults:5 %!!?%?%   Depths:4 (

Portals:
Hell: Depths:1 Depths:2 Depths:3 Depths:4 Depths:5
Abyss: Depths:1 Depths:4
Pandemonium: Depths:3
Trove: D:13 (give horn of Geryon)

Annotations:
Spider:4 Roxanne
Elf:2 3 runed doors


Innate Abilities, Weirdness & Mutations

You have large cloven feet.
You have a somewhat thin skeletal structure (Dex +2, Stealth).
You are somewhat resistant to further mutation.
You expend magic power (3 MP) to strengthen your wands.


Message History

The fire elemental completely resists.
The fire dragon breathes flames at you.
The blast of flame hits the fire elemental.
The fire elemental completely resists.
You deflect the blast of flame!
Read which item? (? for menu, Esc to quit)
As you read the scroll of teleportation, it crumbles to dust.
You feel strangely unstable. The winds around you calm down.
The orb of fire glows bright magenta.
The fireball explodes!
The fireball engulfs the fire elemental.
The fire elemental completely resists.
The fireball engulfs you! You resist. The fire elemental misses you.
The orb of fire glows yellow.
The bolt of fire misses the fire elemental.
The bolt of fire hits you! You resist.
* * * LOW HITPOINT WARNING * * *
The orb of fire glows deep purple.
The fireball explodes!
The fireball engulfs you! You resist.
You die...

▓▓▓▓▓▓▓▓▓▓▓▓▓▓▓ ▓▓......†).....▓
▓.......@E.D.)..▓
▓..........§......▓
▓............§*.....▓
▓▓.......*......§..)../▓▓
▓▓.............N.*.).N*[[▓
▓▓................††.)E****▓
▓▓.............§*§...))DNvNN)▓
▓▓.............≈§§§§...)))))[)∩▓


You could see 4 orbs of fire, a fire dragon, a salamander stormcaller and a fire
elemental.

Vanquished Creatures
  the Royal Jelly (Slime:6)
  5 orbs of fire
  6 ancient liches
  6 juggernauts
  2 greater mummies (Depths:3)
  The ghost of Liquid the Conqueror, a legendary GrFi of the Shining One (Zig:14)
  Sojobo (Depths:2)
  Frederick (Crypt:1)
  9 shard shrikes
  Margery (Depths:4)
  A Killer Klown (Zig:11)
  Saint Roka (Depths:5)
  8 golden dragons
  8 bone dragons
  2 pandemonium lords (Zig:11)
  5 profane servitors
  A Tzitzimitl (Zig:10)
  2 iron giants (Zig:12)
  the Enchantress (Depths:5)
  Arachne (Spider:4)
  Jorgrun (Spider:4)
  2 hellephants
  A Hell Sentinel (Zig:26)
  2 tentacled monstrosities
  The ghost of namnharef the Geomancer, an adept FoEE of Makhleb (Spider:2)
  6 Ice Fiends
  Asterion (Elf:3)
  15 liches
  2 deep elf master archers
  A quicksilver dragon (Vaults:5)
  15 titans
  3 deep elf blademasters
  30 acid blobs
  9 sphinxes
  11 ancient champions
  A kraken (Shoals:2)
  An Executioner (Zig:22)
  16 tentacled starspawn
  A shadow dragon (shapeshifter) (Vaults:5)
  4 storm dragons
  3 shadow dragons
  Kirke (Lair:8)
  Agnes (Spider:2)
  Gastronok (Lair:2)
  9 tengu reavers
  7 draconian monks
  5 revenants
  20 azure jellies
  Wiglaf (Vaults:5)
  A frost giant (shapeshifter) (Zig:11)
  11 greater nagas (Zig:18)
  24 fire giants
  Ilsuiw (Shoals:4)
  9 orc warlords
  2 daevas
  17 frost giants
  8 balrugs
  9 draconian knights
  Donald (Vaults:2)
  32 vault wardens
  3 cacodemons
  6 ghost moths
  17 ghouls
  6 draconian scorchers (Zig:20)
  5 deep elf sorcerers
  5 emperor scorpions
  2 juggernaut zombies (Zig:21)
  An emperor scorpion (shapeshifter) (Zig:11)
  A deep elf elementalist (Vaults:5)
  4 curse skulls
  A warmonger (Zig:22)
  17 ironheart preservers
  2 draconian zealots
  2 caustic shrike zombies (Zig:21)
  3 juggernaut skeletons
  2 angels (Depths:5)
  7 draconian shifters (Zig:20)
  A stone giant (shapeshifter) (Zig:11)
  2 draconian annihilators (Zig:20)
  7 very ugly things
  2 caustic shrike skeletons (Zig:21)
  4 reapers
  An ophan (Zig:26)
  3 spriggan defenders (Depths:5)
  4 draconian callers (Zig:20)
  28 stone giants
  16 salamander stormcallers
  9 vampire knights
  10 deep elf demonologists
  4 spark wasps
  5 black draconians
  The ghost of Scarto the Peltast, a journeyman GrFi of Makhleb (Lair:2)
  2 corrupters
  2 white draconians
  4 green draconians
  2 chaos champions (Zig:22)
  A lorocyproca (Zig:25)
  3 black suns (Zig:10)
  2 mottled draconians
  4 yellow draconians
  8 deep elf annihilators
  23 eidola
  4 red draconians
  26 ettins
  8 merfolk javelineers
  17 deep elf death magi
  45 vault guards
  A purple draconian (Depths:5)
  4 mummy priests
  20 great orbs of eyes
  7 green deaths
  10 merfolk impalers
  20 fire dragons
  6 deep elf high priests
  6 blizzard demons
  21 yaktaur captains
  7 jiangshi
  A quicksilver dragon zombie (Zig:21)
  A crystal guardian (Vaults:3)
  19 ice dragons
  9 rakshasas
  10 death oozes
  11 entropy weavers
  3 hell beasts
  3 spriggan air magi (Depths:5)
  A caustic shrike simulacrum (Zig:25)
  12 death knights
  3 naga warriors (Zig:18)
  14 hydras
  A juggernaut simulacrum (Zig:14)
  8 centaur warriors
  13 ogre magi
  Erica (Lair:2)
  2 anacondas (Zig:18)
  4 merfolk avatars
  A queen ant (shapeshifter) (Zig:23)
  10 merfolk aquamancers
  An anaconda (shapeshifter) (Zig:11)
  19 dancing weapons
  An alligator snapping turtle (Shoals:4)
  4 alligators (Zig:13)
  3 satyrs
  14 deep troll earth magi
  4 hell hogs
  4 tengu warriors
  9 deep troll shamans
  4 orc high priests
  A queen ant (D:9)
  8 spriggan berserkers
  3 titan zombies
  3 naga sharpshooters
  12 death yaks
  22 small abominations
  4 shock serpents (Zig:18)
  6 storm dragon zombies
  15 vampire magi
  12 thrashing horrors
  22 deep elf knights
  17 wretched stars
  7 soul eaters
  A titan skeleton (Zig:21)
  3 iron trolls (Depths:4)
  A sun demon (Zig:16)
  An iron giant skeleton (Zig:21)
  An iron troll (shapeshifter) (Zig:11)
  A fire crab (Vaults:3)
  9 shadow wraiths
  A giant orange brain (shapeshifter) (Zig:7)
  An anaconda zombie (Crypt:3)
  4 spatial maelstroms
  2 wizards
  3 salamander mystics
  A storm dragon skeleton (Zig:21)
  14 hell knights
  A spectral elf (Zig:10)
  57 skeletal warriors
  A spriggan druid (Zig:13)
  27 deep trolls
  A swamp dragon (Zig:13)
  An infernal demonspawn (Depths:3)
  12 sea snakes
  37 deep elf archers
  4 death drakes (Zig:13)
  7 unseen horrors
  A torturous demonspawn (Depths:3)
  6 giant orange brains
  A shambling mangrove (Zig:13)
  A death drake (shapeshifter) (Depths:5)
  4 naga ritualists (Zig:18)
  A lindwurm (Lair:8)
  3 shadow dragon zombies
  17 flayed ghosts
  21 harpies
  2 golden dragon skeletons
  29 ironbrand convokers
  3 wolf spider zombies
  A putrid demonspawn (Depths:3)
  75 deep elf magi
  A hill giant (shapeshifter) (Zig:23)
  A lindwurm (shapeshifter) (Depths:2)
  3 shadow demons (Zig:22)
  32 phantasmal warriors
  23 orc knights
  11 hill giants
  3 tengu zombies (Zig:21)
  A mana viper (shapeshifter) (Depths:5)
  2 mana vipers (Zig:18)
  An orb spider (shapeshifter) (Vaults:1)
  17 necromancers
  42 ugly things
  A wolf spider (shapeshifter) (Zig:7)
  2 shining eyes (shapeshifter)
  8 shining eyes
  24 orb spiders
  14 cyclopes
  2 fire giant zombies
  15 orc sorcerers
  12 hornets
  40 wolf spiders
  6 fauns
  14 griffons
  2 frost giant zombies
  A manticore (shapeshifter) (Elf:3)
  The ghost of ThereIsNoGod the Covert, a novice OpAs of Gozag (D:7)
  8 salamanders
  An oklob plant (Lair:7)
  2 hornets (shapeshifter)
  A sphinx skeleton (Zig:21)
  2 worldbinders (Zig:25)
  6 manticores
  2 black mambas (shapeshifter)
  2 sixfirhies
  A cyclops (shapeshifter) (Vaults:5)
  A shock serpent zombie (Crypt:1)
  6 elephants
  8 moths of wrath
  9 sirens
  10 smoke demons
  37 vault sentinels
  8 water nymphs
  An ice statue (Zig:16)
  24 black mambas
  A centaur zombie (D:12)
  2 human skeletons
  6 guardian serpents
  A rust devil (Depths:1)
  7 naga magi (Zig:18)
  A guardian serpent (shapeshifter) (Vaults:1)
  6 apocalypse crabs
  6 eyes of devastation
  3 orange demons
  Psyche (D:9)
  8 torpor snails
  A spiny frog (shapeshifter) (Vaults:1)
  3 hellions (Zig:21)
  A shock serpent skeleton (Crypt:1)
  An eye of devastation (shapeshifter) (Vaults:5)
  A catoblepas zombie (Crypt:3)
  An alligator snapping turtle skeleton (Crypt:1)
  A fire giant skeleton (Vaults:4)
  A gargoyle (D:11)
  26 spiny frogs
  51 yaktaurs
  A storm dragon simulacrum (Zig:19)
  6 guardian mummies
  12 komodo dragons
  26 freezing wraiths
  5 tormentors
  11 rime drakes
  A tengu conjurer (D:13)
  21 efreet
  10 ice devils
  22 demonic crawlers
  2 red devils (Zig:21)
  A yaktaur (shapeshifter) (Elf:2)
  A catoblepas skeleton (Crypt:2)
  2 golden dragon simulacra (Zig:19)
  17 ancient zymes
  A hydra zombie (Crypt:3)
  A black draconian skeleton (Crypt:2)
  A harpy zombie (Crypt:3)
  7 giant leeches
  2 jumping spiders (shapeshifter)
  44 jumping spiders
  2 queen bees (shapeshifter) (Vaults:1)
  A sphinx simulacrum (Zig:19)
  2 wind drakes
  A harpy skeleton (Crypt:1)
  47 merfolk
  3 bog bodies
  29 two-headed ogres
  14 trolls
  A blink frog (shapeshifter) (Vaults:4)
  10 raiju
  17 blink frogs
  A frost giant simulacrum (Depths:1)
  8 boulder beetles
  An ice dragon zombie (Crypt:3)
  2 fire dragon zombies (Crypt:3)
  10 snapping turtles
  An iron dragon simulacrum (Zig:19)
  6 flying skulls (Crypt:1)
  A stone giant simulacrum (Vaults:5)
  An ettin zombie (Crypt:1)
  155 slime creatures
  11 spriggans
  6 air elementals
  97 redbacks
  A centaur simulacrum (D:15)
  3 spriggans (shapeshifter)
  19 wraiths
  An ice dragon skeleton (Crypt:1)
  4 basilisks
  4 elf simulacra
  3 shadows
  32 tarantellas
  18 water elementals
  4 ynoxinuls
  8 chaos spawn
  17 fire elementals
  10 wyverns
  20 humans
  A golden eye (shapeshifter) (Vaults:1)
  12 hippogriffs
  4 hogs (Lair:8)
  Eustachio (D:6)
  18 golden eyes
  11 vampire mosquitoes
  11 wargs
  A deep troll zombie (Vaults:5)
  2 hungry ghosts (D:13)
  59 yaks
  10 neqoxecs
  An elf skeleton (Zig:26)
  A mottled dragon (Vaults:2)
  An insubstantial wisp (Zig:16)
  4 nagas (Zig:18)
  20 soldier ants
  A torturous demonspawn zombie (Crypt:2)
  Duvessa (D:6)
  A hell hound (shapeshifter) (Depths:2)
  20 water moccasins
  3 spatial vortices (Zig:25)
  35 large abominations
  2 giant eyeballs (shapeshifter)
  23 hell hounds
  A torturous demonspawn skeleton (Crypt:2)
  10 porcupines
  3 swamp drakes (Zig:13)
  12 ice beasts
  A sky beast (shapeshifter) (Depths:1)
  A wasp (shapeshifter) (Zig:25)
  A phantom (D:9)
  4 sky beasts
  A swamp dragon zombie (Crypt:3)
  A ghost crab zombie (Crypt:1)
  A spiny frog skeleton (Crypt:1)
  An anubis guard zombie (Crypt:2)
  A deep troll simulacrum (Depths:1)
  12 eyes of draining
  80 orc warriors
  3 snapping turtle zombies (Crypt:3)
  22 wasps
  18 necrophages
  A tengu (shapeshifter) (Vaults:1)
  60 ogres
  14 boggarts
  14 crocodiles
  15 wolves
  19 centaurs
  A yaktaur zombie (Crypt:2)
  2 big kobolds
  Blork the orc (D:4)
  6 elf zombies
  18 giant frogs
  2 human zombies (Vaults:3)
  4 earth elementals
  9 wyvern skeletons (Crypt:3)
  Dowan (D:6)
  5 scorpions
  A yak zombie (Crypt:2)
  A snapping turtle simulacrum (Crypt:2)
  17 killer bees
  10 wights
  A hippogriff skeleton (Crypt:2)
  8 electric eels
  A howler monkey (D:9)
  11 crimson imps
  A demonspawn zombie (Crypt:1)
  3 giant frog zombies
  41 starcursed masses
  40 jellies
  2 centaur skeletons
  4 quasits
  39 orc wizards
  6 giant frog skeletons
  32 orc priests
  A hound (shapeshifter) (Zig:16)
  3 hounds
  A gnoll shaman (D:8)
  10 iguanas
  40 worker ants
  2 iguanas (shapeshifter) (Zig:25)
  A lightning spire (Zig:19)
  Natasha (thrice) (D:2)
  A hell rat (D:5)
  A shapeshifter simulacrum (Depths:1)
  A porcupine skeleton (Crypt:1)
  2 killer bee zombies
  45 sheep
  A hound zombie (D:7)
  A hound skeleton (D:8)
  A mummy (Crypt:3)
  2 worker ant zombies
  13 gnolls
  A howler monkey skeleton (D:4)
  58 river rats
  14 adders
  4 shadow imps
  2 ufetubi (Depths:3)
  An ooze (D:3)
  An adder zombie (D:6)
  An iguana zombie (Crypt:1)
  An adder skeleton (D:6)
  A sheep skeleton (Crypt:1)
  19 worms
  A dart slug (D:4)
  3 giant geckos
  165 orcs
  5 giant cockroaches
  11 goblins
  7 hobgoblins
  5 jackals
  13 kobolds
  3 quokkas
  2 ball pythons
  A ball python zombie (D:5)
  5 bats
  A giant gecko skeleton (D:4)
  4 giant newts
  A jackal skeleton (D:8)
  An orc skeleton (Crypt:2)
  28 rats
  4 bushes
  5 crawling corpses
  4 fire vortices (Zig:27)
  11 fungi
  4 lost souls
  20 plants
  20 starspawn tentacles
  3 starspawn tentacle segments
  19 withered plants (Crypt:3)
4147 creatures vanquished.

Vanquished Creatures (collateral kills)
  2 elephants (Lair:7)
  A spiny frog (Lair:7)
  A rime drake (Lair:7)
  A giant frog (Lair:7)
5 creatures vanquished.

Vanquished Creatures (others)
  An orb of fire (Zig:27)
  A deep elf master archer (Elf:3)
  A stone giant (Vaults:4)
  A hell beast (Zig:22)
  A hell hog (Zig:21)
  A thrashing horror (Zig:16)
  A deep elf archer (Elf:2)
  A hellion (Zig:22)
  4 yaktaurs
  A large abomination (Zig:26)
  A slime creature (Slime:6)
  A small abomination (Zig:26)
  A human (Lair:8)
  A black bear (shapeshifter) (Vaults:5)
  A jelly (Slime:5)
  26 fungi
  2 lost souls (Crypt:3)
  53 plants
  19 starspawn tentacles
  184 starspawn tentacle segments
  4 tentacles (Shoals:2)
  16 tentacle segments (Shoals:2)
  16 withered plants (Crypt:3)
338 creatures vanquished.

Grand Total: 4490 creatures vanquished

Notes
Turn   | Place    | Note
--------------------------------------------------------------
     0 | D:1      | Medar the Deep Elf Arcane Marksman began the quest for the Orb.
     0 | D:1      | Reached XP level 1. HP: 11/11 MP: 5/5
   250 | D:1      | Reached skill level 2 in Spellcasting
   407 | D:1      | Reached XP level 2. HP: 6/16 MP: 5/7
   815 | D:2      | Found a shimmering altar of Xom.
  1057 | D:2      | Learned a level 2 spell: Slow
  1355 | D:2      | Gained mutation: You are agile. (Dex +2) [potion of beneficial mutation]
  1382 | D:2      | Found a shadowy altar of Dithmenos.
  1386 | D:2      | Found a burning altar of Makhleb.
  1529 | D:2      | Found a white marble altar of Elyvilon.
  1573 | D:2      | Noticed Natasha
  1580 | D:2      | Killed Natasha
  1580 | D:2      | Reached skill level 1 in Short Blades
  1580 | D:2      | Reached XP level 3. HP: 16/20 MP: 2/9
  1594 | D:2      | Learned a level 3 spell: Gell's Gravitas
  1668 | D:2      | Reached skill level 1 in Translocations
  1873 | D:2      | Noticed Natasha
  1881 | D:2      | Reached XP level 4. HP: 3/24 MP: 7/10
  2702 | D:2      | Killed Natasha
  3027 | D:2      | Reached XP level 5. HP: 21/28 MP: 8/11
  3122 | D:2      | Noticed Natasha
  3151 | D:2      | Killed Natasha
  3151 | D:2      | Reached skill level 1 in Shields
  3166 | D:2      | Found a basalt altar of Yredelemnul.
  3380 | D:3      | Found an opulent altar of Gozag.
  5098 | D:4      | Noticed Blork the orc
  5155 | D:3      | Noticed an ogre
  5266 | D:3      | Killed an ogre
  5266 | D:3      | Reached XP level 6. HP: 33/33 MP: 7/12
  5336 | D:4      | Found a shadowy altar of Dithmenos.
  5378 | D:4      | Found a staircase to the Ecumenical Temple.
  6042 | Temple   | Entered the Ecumenical Temple
  6530 | D:4      | Found a radiant altar of Vehumet.
  7009 | D:4      | Reached XP level 7. HP: 29/37 MP: 7/13
  7208 | D:4      | Became a worshipper of Vehumet
  7276 | D:4      | Killed Blork the orc
  7434 | D:5      | Entered Level 5 of the Dungeon
  7645 | D:5      | Reached skill level 5 in Shields
  8074 | D:6      | Reached skill level 1 in Fighting
  8091 | D:6      | Noticed Duvessa
  8314 | D:5      | Reached skill level 1 in Long Blades
  8619 | D:5      | Reached * piety under Vehumet
  8619 | D:5      | Offered knowledge of Freeze by Vehumet.
  8626 | D:5      | Learned a level 1 spell: Freeze
  9069 | D:6      | Reached XP level 8. HP: 44/44 MP: 11/14
  9447 | D:6      | Noticed Dowan
  9474 | D:6      | Killed Dowan
  9576 | D:6      | Killed Duvessa
  9576 | D:6      | Reached skill level 5 in Long Blades
 10051 | D:6      | Learned a level 3 spell: Static Discharge
 10096 | D:6      | Noticed a moth of wrath
 10098 | D:6      | Found a bloodstained altar of Trog.
 10188 | D:6      | Got a polished flail
 10189 | D:6      | Identified the cursed +1 flail "Bepazism" {venom, *Confuse rF- rC+ Str+8} (You found it on level 6 of the Dungeon)
 10282 | D:6      | Noticed Eustachio
 10303 | D:6      | Killed Eustachio
 10476 | D:5      | Reached ** piety under Vehumet
 10822 | D:7      | Learned a level 2 spell: Repel Missiles
 10925 | D:6      | Offered knowledge of Sting by Vehumet.
 10948 | D:7      | Reached skill level 1 in Air Magic
 10948 | D:7      | Reached XP level 9. HP: 39/48 MP: 12/15
 11088 | D:6      | Reached skill level 3 in Spellcasting
 11328 | D:6      | Learned a level 2 spell: Swiftness
 11577 | D:7      | Reached skill level 4 in Spellcasting
 11594 | D:6      | Reached skill level 5 in Spellcasting
 11735 | D:7      | Reached skill level 1 in Charms
 11779 | D:7      | Noticed ThereIsNoGod's ghost (novice OpAs)
 11914 | D:7      | Killed ThereIsNoGod's ghost
 12120 | D:7      | Got a translucent scythe
 12543 | D:7      | Learned a level 5 spell: Fireball
 12684 | D:7      | Reached skill level 5 in Conjurations
 12684 | D:7      | Reached skill level 1 in Fire Magic
 13148 | D:6      | Offered knowledge of Throw Frost by Vehumet.
 13441 | D:8      | Reached *** piety under Vehumet
 13642 | D:8      | Got a shimmering war axe
 13663 | D:8      | Reached XP level 10. HP: 49/53 MP: 20/20
 14022 | D:8      | Found a staircase to the Lair.
 14058 | D:8      | Offered knowledge of Mephitic Cloud by Vehumet.
 14515 | Lair:1   | Entered Level 1 of the Lair of Beasts
 14546 | Lair:1   | Noticed an eight-headed hydra
 14547 | Lair:1   | Noticed a spiny frog
 14641 | D:9      | Noticed Psyche
 14644 | D:9      | Killed Psyche
 14644 | D:9      | Reached skill level 5 in Fire Magic
 15009 | D:9      | Reached skill level 6 in Spellcasting
 15559 | D:9      | Reached **** piety under Vehumet
 15898 | D:9      | Got an encrusted long sword
 15962 | D:9      | Identified the +5 long sword "Uvicorum" {freeze, +Inv rF++ Int-5} (You found it on level 9 of the Dungeon)
 16086 | D:10     | Entered Level 10 of the Dungeon
 16189 | D:10     | Offered knowledge of Lee's Rapid Deconstruction by Vehumet.
 16205 | D:10     | Noticed a hill giant
 16208 | D:10     | Killed a hill giant
 16208 | D:10     | Reached skill level 7 in Spellcasting
 16246 | D:10     | Noticed a hill giant
 17304 | D:10     | Reached skill level 8 in Spellcasting
 17421 | D:10     | Noticed a purple ugly thing
 17428 | D:10     | Killed a purple ugly thing
 17428 | D:10     | Reached XP level 11. HP: 57/57 MP: 0/25
 17635 | D:10     | Killed a hill giant
 18608 | D:10     | Reached skill level 9 in Spellcasting
 18726 | D:10     | Noticed a queen ant
 18751 | D:9      | Killed a queen ant
 19835 | D:9      | Noticed a centaur warrior
 19840 | D:9      | Killed a centaur warrior
 19840 | D:9      | Reached skill level 10 in Spellcasting
 19848 | D:9      | Learned a level 5 spell: Lightning Bolt
 20182 | Lair:1   | Reached skill level 10 in Conjurations
 20383 | Lair:1   | Reached ***** piety under Vehumet
 20383 | Lair:1   | Offered knowledge of Olgreb's Toxic Radiance by Vehumet.
 21071 | Lair:1   | Killed an eight-headed hydra
 21261 | Lair:1   | Reached skill level 11 in Spellcasting
 21261 | Lair:1   | Reached XP level 12. HP: 60/62 MP: 6/29
 21612 | Lair:2   | Noticed Scarto's ghost (journeyman GrFi)
 21626 | Lair:2   | Found a labyrinth entrance.
 21639 | Lab      | Entered a labyrinth
 21945 | Lab      | Noticed a minotaur
 21952 | Lab      | Got an ancient helmet
 21952 | Lab      | Identified the Guide on Sinister Rituals
 21952 | Lab      | Got a bloodstained blowgun
 21952 | Lab      | Got a heavily runed scale mail
 21952 | Lab      | Got a distressingly furry scale mail
 21965 | Lab      | Identified the +0 helmet of Marbles {Dex+2} (You found it in a labyrinth)
 22037 | Lair:2   | Noticed an eight-headed hydra
 22038 | Lair:2   | Killed an eight-headed hydra
 22038 | Lair:2   | Reached skill level 10 in Fire Magic
 22526 | Lair:2   | Noticed a five-headed hydra
 22529 | Lair:2   | Killed a five-headed hydra
 22827 | Lair:2   | Noticed Erica
 22830 | Lair:2   | Killed Erica
 22974 | Lair:2   | Noticed Gastronok
 22981 | Lair:2   | Killed Gastronok
 22981 | Lair:2   | Reached skill level 12 in Spellcasting
 23586 | Lair:3   | Found a hole to the Spider Nest.
 23729 | Lair:3   | Found a staircase to the Shoals.
 24180 | Lair:3   | Gained mutation: You are resistant to hostile enchantments. [potion of beneficial mutation]
 24395 | Lair:4   | Got a warped dagger
 24405 | Lair:4   | Identified the +7 dagger of Tartarus {pierce, Dex+2 Stlth+} (You found it on level 4 of the Lair of Beasts)
 24406 | Lair:4   | Identified the +7 blowgun of the Bear {speed, Int+3} (You found it in a labyrinth)
 24419 | Lair:4   | Learned a level 5 spell: Bolt of Magma
 24426 | Lair:4   | Learned a level 6 spell: Iron Shot
 24447 | Lair:4   | Noticed a seven-headed hydra
 24453 | Lair:4   | Killed a seven-headed hydra
 24960 | Lair:4   | Reached skill level 5 in Dodging
 24992 | Lair:4   | You fall through a shaft for 2 floors!
 25006 | Lair:6   | Reached skill level 1 in Earth Magic
 25007 | Lair:6   | Reached XP level 13. HP: 62/68 MP: 18/31
 25249 | Lair:5   | Offered knowledge of Delayed Fireball by Vehumet.
 25258 | Lair:5   | Learned a level 7 spell: Delayed Fireball
 25352 | Lair:5   | Reached skill level 13 in Spellcasting
 27160 | Lair:7   | Reached skill level 14 in Spellcasting
 27545 | Lair:7   | Got a warped leather armour
 27558 | Lair:7   | Identified the +0 leather armour "Moklam" {Dex+6} (You found it on level 7 of the Lair of Beasts)
 28407 | Lair:7   | Reached skill level 15 in Spellcasting
 28527 | Lair:8   | Entered Level 8 of the Lair of Beasts
 28623 | Lair:8   | Offered knowledge of Iskenderun's Battlesphere by Vehumet.
 28634 | Lair:7   | Reached XP level 14. HP: 65/74 MP: 2/35
 28994 | Lair:8   | Noticed Kirke
 28999 | Lair:8   | Killed Kirke
 29536 | Lair:8   | Reached skill level 16 in Spellcasting
 30078 | Lair:8   | Reached skill level 5 in Earth Magic
 30472 | Lair:8   | Learned a level 6 spell: Statue Form
 30493 | Lair:8   | Reached skill level 1 in Transmutations
 30537 | Lair:8   | Found a runed door.
 31876 | Lair:8   | Reached skill level 5 in Transmutations
 32209 | Lair:8   | Found a staircase to the Slime Pits.
 32237 | Lair:8   | Reached ****** piety under Vehumet
 32520 | Lair:8   | Offered knowledge of Poison Arrow by Vehumet.
 32603 | Lair:8   | Got a polished helmet
 32619 | Lair:8   | Identified the +2 helmet of Dehub {MR++ Dex+4} (You found it on level 8 of the Lair of Beasts)
 32751 | Lair:8   | Got a scorched leather armour
 32762 | Lair:8   | Identified the cursed +1 leather armour of Hynoumnu {rF- Slay+3 Stlth+} (You found it on level 8 of the Lair of Beasts)
 33079 | Lair:4   | Reached XP level 15. HP: 78/78 MP: 31/37
 33562 | Lair:2   | Killed Scarto's ghost
 34543 | D:11     | Found Omagoudgh's Assorted Antiques.
 34561 | D:11     | Bought a scroll of identify for 40 gold pieces
 34561 | D:11     | Bought a scroll of blinking for 150 gold pieces
 34888 | Lair:2   | Learned a level 6 spell: Deflect Missiles
 34903 | Lair:2   | Learned a level 4 spell: Airstrike
 35124 | D:12     | Found a staircase to the Orcish Mines.
 35729 | Orc:1    | Entered Level 1 of the Orcish Mines
 35780 | Orc:2    | Entered Level 2 of the Orcish Mines
 35789 | Orc:2    | Offered knowledge of Bolt of Fire by Vehumet.
 35983 | Lair:2   | Learned a level 6 spell: Bolt of Fire
 36379 | Orc:2    | Reached skill level 17 in Spellcasting
 36928 | Orc:1    | Offered knowledge of Ozocubu's Refrigeration by Vehumet.
 37001 | Orc:1    | Noticed an orc warlord
 37263 | Orc:1    | Killed an orc warlord
 37526 | Orc:2    | Found a roughly hewn altar of Beogh.
 37654 | Orc:2    | Reached skill level 18 in Spellcasting
 37656 | Orc:2    | Found a roughly hewn altar of Beogh.
 37660 | Orc:2    | Found Ziluem's Weapon Shop.
 37699 | Orc:2    | Found a staircase to the Elven Halls.
 37708 | Orc:2    | Found a roughly hewn altar of Beogh.
 37819 | Orc:2    | Reached skill level 5 in Air Magic
 37936 | Orc:2    | Noticed an orc warlord
 37940 | Orc:2    | Killed an orc warlord
 38108 | Orc:2    | Found Ariulum's Antique Armour Emporium.
 38111 | Orc:2    | Found a roughly hewn altar of Beogh.
 38117 | Orc:2    | Found Xatextul's Antique Weapon Shoppe.
 38174 | Orc:2    | Found a roughly hewn altar of Beogh.
 38362 | Orc:2    | Found a roughly hewn altar of Beogh.
 38364 | Orc:2    | Found Hoorenwo's Armour Shop.
 38618 | Orc:2    | Found a roughly hewn altar of Beogh.
 38686 | Orc:2    | Bought a crystal morningstar for 243 gold pieces
 38686 | Orc:2    | Identified the cursed +1 morningstar "Riumuphe" {pain, rPois MR+ Dex+3} (You bought it in a shop on level 2 of the Orcish Mines)
 38995 | D:13     | Offered knowledge of Poisonous Cloud by Vehumet.
 39123 | D:13     | Found a gate to the Vaults.
 39227 | D:13     | Found a portal to a secret trove of treasure.
 39313 | D:13     | Reached XP level 16. HP: 78/83 MP: 25/40
 39688 | D:14     | Gained mutation: You possess an exceptional clarity of mind. [potion of beneficial mutation]
 39748 | D:14     | Reached skill level 1 in Armour
 40693 | D:14     | Offered knowledge of Lehudib's Crystal Spear by Vehumet.
 40693 | D:14     | Offered knowledge of Glaciate by Vehumet.
 40693 | D:14     | Offered knowledge of Chain Lightning by Vehumet.
 40793 | D:15     | Entered Level 15 of the Dungeon
 41148 | Orc:2    | Bought a brightly glowing falchion for 216 gold pieces
 41148 | Orc:2    | Bought a twisted blowgun for 202 gold pieces
 41148 | Orc:2    | Identified the +1 falchion of Strategic Superiority {slice, +Fly rC+ Dex+2} (You bought it in a shop on level 2 of the Orcish Mines)
 41149 | Orc:2    | Identified the +1 blowgun of Unreason {evade, Int+4} (You bought it in a shop on level 2 of the Orcish Mines)
 41322 | Lair:1   | Identified the +7 war axe of the Goat {speed, Str+3 Dex-5 Stlth+} (You found it on level 8 of the Dungeon)
 41331 | Lair:1   | Identified the +8 scythe of Dim Light {drain, Int+3} (You found it on level 7 of the Dungeon)
 41349 | Lair:1   | Identified the +1 scale mail of Oplig {+Blink rF- rN++ MR+} (You found it in a labyrinth)
 41392 | Lair:1   | Identified the cursed +1 scale mail of Gallantry {rPois rF+ rN+} (You found it in a labyrinth)
 41892 | D:15     | Reached skill level 5 in Fighting
 42099 | D:15     | Found a staircase to the Depths.
 42404 | D:15     | Got a steaming cloak
 42424 | D:15     | Identified the cursed +0 cloak of Plog {rPois rF- rC+ Slay+3} (You found it on level 15 of the Dungeon)
 43075 | Spider:1 | Entered Level 1 of the Spider Nest
 44006 | Spider:2 | Reached skill level 10 in Dodging
 44293 | Spider:2 | Noticed namnharef's ghost (adept FoEE)
 44301 | Spider:2 | Killed namnharef's ghost
 44301 | Spider:2 | Reached skill level 10 in Earth Magic
 45156 | Spider:2 | Noticed Agnes
 45160 | Spider:2 | Killed Agnes
 45160 | Spider:2 | Reached XP level 17. HP: 96/96 MP: 22/41
 46235 | Spider:3 | Got a faintly glowing scale mail
 46256 | Spider:3 | Identified the cursed +0 scale mail of Sloth {MR+ Str+8} (You found it on level 3 of the Spider Nest)
 46792 | Lair:2   | Learned a level 8 spell: Lehudib's Crystal Spear
 46852 | Shoals:1 | Entered Level 1 of the Shoals
 46868 | Shoals:1 | Reached skill level 15 in Conjurations
 47905 | Spider:4 | Entered Level 4 of the Spider Nest
 47915 | Spider:4 | Noticed Jorgrun
 47915 | Spider:4 | Noticed Arachne
 48047 | Spider:4 | Killed Jorgrun
 48606 | Spider:4 | Killed Arachne
 49275 | Spider:4 | Noticed Roxanne
 49327 | Spider:4 | Got an ebony lajatang
 49334 | Spider:4 | Identified the +2 lajatang of Destiny {flame, Dex+2} (You found it on level 4 of the Spider Nest)
 51496 | Spider:4 | Reached XP level 18. HP: 101/101 MP: 6/42
 52237 | Spider:4 | Got a gossamer rune of Zot
 53114 | Shoals:2 | Learned a level 6 spell: Haste
 54505 | Shoals:4 | Entered Level 4 of the Shoals
 54565 | Shoals:4 | Noticed Ilsuiw
 54574 | Shoals:4 | Killed Ilsuiw
 55256 | Shoals:4 | Reached skill level 15 in Earth Magic
 55506 | Shoals:4 | Got a barnacled rune of Zot
 55656 | Shoals:4 | Got a polished dagger
 55657 | Shoals:4 | Identified the +3 dagger "Oxecs" {pierce, rPois Str+4} (You found it on level 4 of the Shoals)
 55824 | Shoals:4 | Identified the Grimoire of Attacks
 56514 | Vaults:1 | Entered Level 1 of the Vaults
 56529 | Vaults:1 | Found Geuphous's Armour Shoppe.
 57333 | Vaults:1 | Reached skill level 19 in Spellcasting
 57561 | Vaults:1 | Reached XP level 19. HP: 106/106 MP: 15/44
 58724 | Vaults:1 | Found Xengi's Magic Scroll Boutique.
 58725 | Vaults:1 | Found Luko's Book Shop.
 58732 | Vaults:1 | Bought a scroll of amnesia for 49 gold pieces
 58732 | Vaults:1 | Bought a scroll of fear for 49 gold pieces
 58737 | Vaults:1 | Bought a book of Minor Magic for 240 gold pieces
 58740 | Vaults:1 | Learned a level 2 spell: Blink
 58775 | Vaults:1 | Reached skill level 10 in Air Magic
 61431 | Vaults:2 | Got a heavily runed chain mail
 61601 | Vaults:2 | Noticed Donald
 61690 | Vaults:2 | Reached XP level 20. HP: 114/114 MP: 28/45
 62022 | Vaults:2 | Killed Donald
 63038 | Vaults:3 | Reached skill level 20 in Spellcasting
 63335 | Vaults:1 | Bought a book of Air for 420 gold pieces
 63345 | Vaults:1 | Learned a level 8 spell: Chain Lightning
 63449 | Vaults:3 | Found Musyllo's Weapon Shoppe.
 63837 | Vaults:3 | Noticed a golden dragon
 63840 | Vaults:3 | Killed a golden dragon
 63988 | Vaults:3 | Found a bloodstained altar of Trog.
 64039 | Vaults:3 | Got a faintly humming robe
 64281 | Vaults:3 | Identified the +1 robe of the Shore {rElec} (You found it on level 3 of the Vaults)
 64344 | Vaults:3 | Reached skill level 10 in Fighting
 64829 | Vaults:3 | Found a staircase to the Crypt.
 65496 | Vaults:3 | Reached skill level 15 in Dodging
 65579 | Vaults:4 | Found a gateway to a bazaar.
 65686 | Bazaar   | Entered a bazaar
 65686 | Bazaar   | Found Janoch's Magic Scroll Shoppe.
 65686 | Bazaar   | Found Jiduh's Food Shop.
 65686 | Bazaar   | Found Icassay's Gadget Shoppe.
 65688 | Bazaar   | Found Niwufuf's General Store.
 65688 | Bazaar   | Found Zysk's Jewellery Emporium.
 65724 | Bazaar   | Bought a scroll of fear for 42 gold pieces
 65724 | Bazaar   | Bought a scroll of amnesia for 42 gold pieces
 65724 | Bazaar   | Bought a scroll of enchant weapon for 90 gold pieces
 65724 | Bazaar   | Bought a scroll of enchant weapon for 90 gold pieces
 65724 | Bazaar   | Bought a scroll of vulnerability for 90 gold pieces
 65724 | Bazaar   | Bought a scroll of amnesia for 42 gold pieces
 65724 | Bazaar   | Bought a scroll of magic mapping for 42 gold pieces
 65730 | Bazaar   | Bought an uncursed ring of resist corrosion for 200 gold pieces
 65730 | Bazaar   | Bought an uncursed ring of sustain attributes for 175 gold pieces
 65735 | Bazaar   | Bought a scroll of enchant armour for 52 gold pieces
 65735 | Bazaar   | Bought a scroll of enchant armour for 52 gold pieces
 65735 | Bazaar   | Bought a scroll of recharging for 66 gold pieces
 65735 | Bazaar   | Bought a potion of haste for 70 gold pieces
 65735 | Bazaar   | Bought 2 potions of curing for 42 gold pieces
 65746 | Bazaar   | Bought a +5 amulet of reflection for 250 gold pieces
 65760 | Bazaar   | Bought a scroll of identify for 24 gold pieces
 65760 | Bazaar   | Bought a scroll of identify for 24 gold pieces
 66153 | Vaults:4 | Reached XP level 21. HP: 124/124 MP: 10/47
 67979 | Elf:1    | Entered Level 1 of the Elven Halls
 68337 | Elf:1    | Identified the Handbook of Stolen Souls
 70150 | Elf:2    | Got an ancient leather armour
 70162 | Elf:2    | Identified the cursed +1 leather armour of Justre {*Contam rN+ Int+5 Dex+2 Stlth+} (You took it off a deep elf mage on level 2 of the Elven Halls)
 70376 | Elf:2    | Found a runed gate.
 70376 | Elf:2    | Found a runed gate.
 70376 | Elf:2    | Found a runed gate.
 70553 | Elf:3    | Entered Level 3 of the Elven Halls
 71065 | Elf:3    | Noticed Asterion
 71068 | Elf:3    | Killed Asterion
 71253 | Elf:3    | Reached XP level 22. HP: 126/135 MP: 3/48
 72461 | Elf:3    | Got an encrusted war axe {drain}
 72476 | Elf:3    | Got a scorched pewter ring
 72590 | Elf:3    | Identified the ring "Focux" {Fire Stlth+} (You found it on level 3 of the Elven Halls)
 72596 | Elf:3    | Got a transparent broad axe {elec}
 72597 | Elf:3    | Identified the cursed +1 broad axe "Iqaklyv" {elec, Int+4} (You took it off a deep elf mage on level 3 of the Elven Halls)
 72599 | Elf:3    | Identified the +6 war axe "Nesutu Uraa" {drain, +Fly Str+4 Dex-2} (You took it off a deep elf death mage on level 3 of the Elven Halls)
 72649 | Elf:3    | Got a shimmering rapier {elec}
 72650 | Elf:3    | Identified the +4 rapier of Disembowelment {elec, rF- rC+++ Dex+6} (You took it off a deep elf annihilator on level 3 of the Elven Halls)
 72674 | Elf:3    | Got a steaming short sword
 72675 | Elf:3    | Identified the +0 short sword of the Unliving {pierce, *Noise *Corrode MR+++ Str+5} (You found it on level 3 of the Elven Halls)
 72743 | Elf:3    | Got an uncursed smoking spear {pain}
 72745 | Elf:3    | Identified the +6 spear of Indignation {pain, Dex+4} (You took it off a deep elf high priest on level 3 of the Elven Halls)
 73110 | Crypt:1  | Entered Level 1 of the Crypt
 73124 | Crypt:1  | Noticed Frederick
 73128 | Crypt:1  | Killed Frederick
 75322 | Crypt:2  | Reached skill level 15 in Air Magic
 76367 | Crypt:3  | Entered Level 3 of the Crypt
 76479 | Crypt:3  | Reached XP level 23. HP: 141/141 MP: 34/49
 77220 | Crypt:3  | Found a basalt altar of Yredelemnul.
 77608 | Crypt:3  | Reached skill level 21 in Spellcasting
 78773 | Crypt:3  | Got an encrusted cloak
 78784 | Crypt:3  | Identified the cursed +0 cloak of Avubuoz {+Fly Int-2 SInv} (You found it on level 3 of the Crypt)
 79407 | Crypt:3  | Found a staircase to the Tomb.
 80152 | Lair:2   | Learned a level 9 spell: Tornado
 80371 | Depths:1 | Entered Level 1 of the Depths
 80625 | Depths:1 | Found a one-way gate to the infinite horrors of the Abyss.
 81556 | D:11     | Bought a golden ring for 100 gold pieces
 81654 | Vaults:1 | Bought a scroll of acquirement for 728 gold pieces
 81656 | Vaults:1 | Got a pair of shimmering gloves
 81667 | Vaults:1 | Identified the +0 pair of gloves of Satisfaction {Regen+ Str+2} (You acquired it on level 1 of the Vaults)
 82211 | Depths:1 | Found a gateway to Hell.
 82499 | Depths:2 | Reached XP level 24. HP: 147/147 MP: 37/50
 82909 | Depths:2 | Noticed Sojobo
 82911 | Depths:2 | Killed Sojobo
 84236 | Depths:3 | Gained mutation: You are frail (-10% HP). [a neqoxec]
 84350 | Depths:3 | Found a one-way gate leading to the halls of Pandemonium.
 84784 | Depths:3 | Noticed a greater mummy
 84790 | Depths:3 | Killed a greater mummy
 84956 | Depths:3 | Noticed a greater mummy
 84976 | Depths:3 | Killed a greater mummy
 85649 | Depths:4 | Noticed Margery
 85653 | Depths:4 | Reached skill level 1 in Staves
 85653 | Depths:4 | Reached skill level 1 in Evocations
 85654 | Depths:4 | Killed Margery
 86053 | Depths:4 | Reached skill level 5 in Evocations
 86053 | Depths:4 | Reached XP level 25. HP: 136/136 MP: 16/50
 86259 | Depths:4 | Found Girgh's Antique Weapon Boutique.
 86263 | Depths:4 | Bought a brightly glowing morningstar for 207 gold pieces
 86263 | Depths:4 | Identified the cursed +0 morningstar of Trog's Favour {flame, Int+2} (You bought it in a shop on level 4 of the Depths)
 86466 | Depths:4 | Reached skill level 5 in Staves
 87344 | Depths:5 | Entered Level 5 of the Depths
 87481 | Depths:5 | Noticed a juggernaut
 87497 | Depths:5 | Killed a juggernaut
 88099 | Depths:5 | Noticed Saint Roka
 88184 | Depths:5 | Found a gate to the Realm of Zot.
 88302 | Depths:5 | Noticed the Enchantress
 88303 | Depths:5 | Killed the Enchantress
 88467 | Depths:5 | Killed Saint Roka
 88467 | Depths:5 | Reached skill level 10 in Evocations
 88518 | Depths:5 | Got a faerie dragon armour
 88522 | Depths:5 | Identified the +4 faerie dragon armour {rElec rCorr HP-2 MP+7} (You took it off the Enchantress on level 5 of the Depths)
 88729 | Depths:5 | Found a gateway to a ziggurat.
 88964 | Depths:4 | Reached skill level 10 in Staves
 89663 | Slime:1  | Entered Level 1 of the Pits of Slime
 91163 | Slime:2  | Reached XP level 26. HP: 141/141 MP: 37/50
 91165 | Slime:2  | Reached skill level 22 in Spellcasting
 92193 | Slime:5  | Gained mutation: You are very frail (-20% HP). [a shining eye]
 92194 | Slime:5  | Gained mutation: You expend magic power (3 MP) to strengthen your wands. [a shining eye]
 92195 | Slime:5  | Gained mutation: You are weak. (Str -2) [a shining eye]
 92197 | Slime:5  | Reached skill level 23 in Spellcasting
 92608 | Slime:6  | Entered Level 6 of the Pits of Slime
 92610 | Slime:6  | Gained mutation: You have sharp toenails. [a shining eye]
 92696 | Slime:6  | Noticed the Royal Jelly
 92703 | Slime:6  | Killed the Royal Jelly
 92703 | Slime:6  | Reached skill level 24 in Spellcasting
 93076 | Slime:6  | Got an encrusted helmet
 93077 | Slime:6  | Identified the +1 helmet of the Hills {+Fly rElec Str+2} (You found it on level 6 of the Pits of Slime)
 93085 | Slime:6  | Got a transparent chain mail
 93128 | Slime:6  | Identified Sif Muna's Compendium of Weightlessness and Stones (You found it on level 6 of the Pits of Slime)
 93207 | Slime:6  | Learned a level 3 spell: Regeneration
 93260 | Slime:6  | Got a bound iron ring
 93261 | Slime:6  | Identified the ring of Kuolim {rN++ Stlth+} (You found it on level 6 of the Pits of Slime)
 93292 | Slime:6  | Got a smoking spear
 93293 | Slime:6  | Identified the cursed +2 spear of Patience {drain, rElec rPois Int-5 Stlth+} (You found it on level 6 of the Pits of Slime)
 93300 | Slime:6  | Got a slimy rune of Zot
 94025 | Vaults:5 | Entered Level 5 of the Vaults
 94028 | Vaults:5 | Reached skill level 25 in Spellcasting
 94036 | Vaults:5 | Noticed Wiglaf
 94040 | Vaults:5 | Killed Wiglaf
 94041 | Vaults:5 | Reached skill level 26 in Spellcasting
 94043 | Vaults:5 | Noticed an ancient lich
 94054 | Vaults:5 | Reached XP level 27. HP: 129/129 MP: 33/55
 94055 | Vaults:5 | Killed an ancient lich
 94055 | Vaults:5 | Reached skill level 27 in Spellcasting
 94293 | Vaults:1 | Lost mutation: You are weak. (Str -2) [potion of cure mutation]
 94293 | Vaults:1 | Lost mutation: You are agile. (Dex +2) [potion of cure mutation]
 94293 | Vaults:1 | Lost mutation: You are very frail (-20% HP). [potion of cure mutation]
 94293 | Vaults:1 | Lost mutation: You are resistant to hostile enchantments. [potion of cure mutation]
 94293 | Vaults:1 | Lost mutation: You possess an exceptional clarity of mind. [potion of cure mutation]
 94294 | Vaults:1 | Lost mutation: You expend magic power (3 MP) to strengthen your wands. [potion of cure mutation]
 94294 | Vaults:1 | Lost mutation: You are frail (-10% HP). [potion of cure mutation]
 94294 | Vaults:1 | Lost mutation: You have sharp toenails. [potion of cure mutation]
 95076 | Vaults:5 | Reached skill level 5 in Armour
 95366 | Vaults:5 | Found Getangits's Food Emporium.
 95398 | Vaults:5 | Found Puriuwi's Food Shoppe.
 95414 | Vaults:5 | Found Zadun's Distillery.
 95418 | Vaults:5 | Bought a potion of heal wounds for 65 gold pieces
 95418 | Vaults:5 | Bought a potion of heal wounds for 65 gold pieces
 95418 | Vaults:5 | Bought a potion of might for 52 gold pieces
 95418 | Vaults:5 | Bought a potion of heal wounds for 65 gold pieces
 95418 | Vaults:5 | Bought a potion of haste for 130 gold pieces
 95418 | Vaults:5 | Bought a potion of haste for 130 gold pieces
 95532 | Vaults:5 | Got a polished plate armour
 95581 | Vaults:5 | Got a silver rune of Zot
 95592 | Vaults:5 | Got a slimy hand crossbow
 95743 | Vaults:5 | Got a heavily runed troll leather armour
 95748 | Vaults:5 | Identified the cursed +0 troll leather armour of the Dungeon {-Cast rElec rC+++ Regen+ Int-4} (You found it on level 5 of the Vaults)
 95826 | Vaults:5 | Got a faintly glowing quarterstaff {speed}
 95840 | Vaults:5 | Got a fine lapis lazuli ring
 95842 | Vaults:5 | Identified the ring of Xom's Regard {rPois rF+ Int-4 Dex+3} (You took it off an orc on level 5 of the Vaults)
 95981 | Vaults:5 | Found Naobbe's Distillery.
 95981 | Vaults:5 | Found Ydymif's Distillery.
 95985 | Vaults:5 | Bought a potion of magic for 112 gold pieces
 95991 | Vaults:5 | Found Jezaluog's Magic Scroll Shop.
 95992 | Vaults:5 | Bought a potion of resistance for 210 gold pieces
 95999 | Vaults:5 | Bought a scroll of blinking for 142 gold pieces
 95999 | Vaults:5 | Bought a scroll of holy word for 142 gold pieces
 95999 | Vaults:5 | Bought a scroll of recharging for 180 gold pieces
 95999 | Vaults:5 | Bought a scroll of teleportation for 57 gold pieces
 96009 | Vaults:5 | Found Ynuawn's Magic Scroll Shop.
 96009 | Vaults:5 | Found Wid Josto's Food Shoppe.
 96013 | Vaults:5 | Bought a scroll of blinking for 165 gold pieces
 96013 | Vaults:5 | Bought a scroll of recharging for 209 gold pieces
 96013 | Vaults:5 | Bought a scroll of recharging for 209 gold pieces
 96013 | Vaults:5 | Bought a scroll of teleportation for 66 gold pieces
 96166 | Vaults:5 | Bought a potion of might for 56 gold pieces
 96166 | Vaults:5 | Bought a potion of haste for 140 gold pieces
 96173 | Vaults:5 | Bought 2 potions of agility for 168 gold pieces
 96173 | Vaults:5 | Bought 2 potions of brilliance for 168 gold pieces
 96173 | Vaults:5 | Bought a potion of might for 84 gold pieces
 96173 | Vaults:5 | Bought a potion of heal wounds for 105 gold pieces
 96173 | Vaults:5 | Bought 2 potions of heal wounds for 210 gold pieces
 96251 | Vaults:5 | Gained mutation: Your body sometimes deteriorates upon taking damage. [mutagenic glow]
 96969 | Vaults:5 | Bought a potion of cure mutation for 325 gold pieces
 96969 | Vaults:5 | Bought a potion of magic for 104 gold pieces
 96969 | Vaults:5 | Bought a potion of curing for 39 gold pieces
 96969 | Vaults:5 | Bought a potion of curing for 39 gold pieces
 97332 | Zig:1    | Entered Level 1 of a ziggurat
 97350 | Zig:2    | Entered Level 2 of a ziggurat
 97375 | Zig:2    | Learned a level 5 spell: Lee's Rapid Deconstruction
 97382 | Zig:3    | Entered Level 3 of a ziggurat
 97417 | Zig:4    | Entered Level 4 of a ziggurat
 97440 | Zig:4    | Identified the Tome of Necromancy
 97458 | Zig:5    | Entered Level 5 of a ziggurat
 97463 | Zig:5    | Noticed a juggernaut
 97468 | Zig:5    | Killed a juggernaut
 97502 | Zig:6    | Entered Level 6 of a ziggurat
 97508 | Zig:6    | Noticed an orb of fire
 97515 | Zig:6    | Killed an orb of fire
 97530 | Zig:6    | Got an ancient spear
 97533 | Zig:6    | Got a scintillating iron amulet
 97534 | Zig:6    | Identified the amulet of Efalyseth {Inacc Int+2 Stlth+} (You found it on level 6 of a ziggurat)
 97585 | Zig:7    | Entered Level 7 of a ziggurat
 97625 | Zig:7    | Identified Asoiw's Compendium of Dark Transformation
 97644 | Zig:8    | Entered Level 8 of a ziggurat
 97723 | Zig:9    | Entered Level 9 of a ziggurat
 97777 | Zig:9    | Got a pair of fine boots
 97778 | Zig:9    | Identified the -1 pair of boots of Virtue {rN++} (You found it on level 9 of a ziggurat)
 97806 | Zig:9    | Got a jewelled longbow
 97869 | Zig:10   | Entered Level 10 of a ziggurat
 97897 | Zig:10   | Identified Eqoth's Volume of Moulding
 97961 | Zig:11   | Entered Level 11 of a ziggurat
 97970 | Zig:11   | Noticed Curotipe the pandemonium lord
 97974 | Zig:11   | Noticed Houg the pandemonium lord
 97978 | Zig:11   | Killed Curotipe the pandemonium lord
 97983 | Zig:11   | Killed Houg the pandemonium lord
 98007 | Zig:11   | Identified the Tome of Good Luck and the Escort
 98067 | Zig:12   | Entered Level 12 of a ziggurat
 98077 | Zig:12   | Noticed a juggernaut
 98083 | Zig:12   | Killed a juggernaut
 98084 | Zig:12   | Reached skill level 15 in Evocations
 98219 | Zig:12   | Got a scorched mace
 98232 | Zig:12   | Identified a +0 rod of inaccuracy (11/11) (You found it on level 12 of a ziggurat)
 98242 | Zig:12   | Got an ivory morningstar
 98245 | Zig:12   | Got a heavily runed bronze ring
 98246 | Zig:12   | Identified the ring "Gefenk" {Ice Int+3} (You found it on level 12 of a ziggurat)
 98255 | Zig:13   | Entered Level 13 of a ziggurat
 98290 | Zig:13   | Got a spiked scale mail
 98320 | Zig:13   | Got a spiked cloak
 98331 | Zig:13   | Identified the +0 cloak of Gallantry {rN+} (You found it on level 13 of a ziggurat)
 98357 | Zig:14   | Entered Level 14 of a ziggurat
 98365 | Zig:14   | Noticed Liquid's ghost (legendary GrFi)
 98370 | Zig:14   | Killed Liquid's ghost
 98372 | Zig:14   | Reached skill level 10 in Armour
 98489 | Zig:14   | Identified the Incunabulum of Twisted Curses
 98497 | Zig:14   | Got a faintly glowing blowgun
 98500 | Zig:14   | Got a crystal falchion
 98528 | Zig:15   | Entered Level 15 of a ziggurat
 98534 | Zig:15   | Noticed a juggernaut
 98537 | Zig:15   | Noticed a juggernaut
 98540 | Zig:15   | Noticed a juggernaut
 98540 | Zig:15   | Killed a juggernaut
 98541 | Zig:15   | Killed a juggernaut
 98542 | Zig:15   | Killed a juggernaut
 98580 | Zig:15   | Identified the Handbook of Too Many Cooks (You found it on level 15 of a ziggurat)
 98622 | Zig:15   | Got a bound steel ring
 98623 | Zig:15   | Identified the ring "Ushoiqupe" {+Fly rElec rF+} (You found it on level 15 of a ziggurat)
 98643 | Zig:16   | Entered Level 16 of a ziggurat
 98660 | Zig:16   | Gained mutation: You are frail (-10% HP). [a neqoxec]
 98720 | Zig:16   | Got a distressingly furry chain mail
 98733 | Zig:17   | Entered Level 17 of a ziggurat
 98768 | Zig:17   | Identified Pazeod's Papyrus of Clay and Orientation
 98779 | Zig:17   | Learned a level 9 spell: Shatter
 98784 | Zig:17   | Identified Sif Muna's Guide on Poison and Earth
 98811 | Zig:17   | Got an ichor-stained eveningstar
 98812 | Zig:17   | Identified the +1 eveningstar "Luxitt" {flame, Dex+7} (You found it on level 17 of a ziggurat)
 98836 | Zig:18   | Entered Level 18 of a ziggurat
 99007 | Zig:18   | Got a translucent bronze ring
 99012 | Zig:18   | Identified the cursed ring "Banil" {Str+4 Dex+5 Slay-3} (You found it on level 18 of a ziggurat)
 99040 | Zig:18   | Got a shimmering falchion
 99048 | Zig:19   | Entered Level 19 of a ziggurat
 99159 | Zig:19   | Lost mutation: You are frail (-10% HP). [potion of cure mutation]
 99159 | Zig:19   | Lost mutation: Your body sometimes deteriorates upon taking damage. [potion of cure mutation]
 99170 | Zig:19   | Got a crude jade ring
 99171 | Zig:19   | Identified the ring of Miracles {Fragile +Fly rC++ Int+3} (You found it on level 19 of a ziggurat)
 99173 | Zig:19   | Got a polished morningstar
 99200 | Zig:19   | Got a vibrating emerald amulet
 99202 | Zig:19   | Identified the amulet of the Tempest {Spirit Str+7} (You found it on level 19 of a ziggurat)
 99208 | Zig:19   | Gained mutation: Your natural rate of healing is unusually fast. [potion of beneficial mutation]
 99371 | Zig:20   | Entered Level 20 of a ziggurat
 99481 | Zig:20   | Gained mutation: Your flesh is cold resistant. [potion of beneficial mutation]
 99522 | Zig:20   | Identified the Papyrus of the Freezing Traveller
 99525 | Zig:20   | Got a crude amethyst amulet
 99527 | Zig:20   | Identified the amulet of Yredelemnul's Esteem {Regen+ MP-9 Str+4 Int+3} (You found it on level 20 of a ziggurat)
 99534 | Zig:20   | Gained mutation: You are partially covered in large bone plates (AC +2, SH +2). [potion of beneficial mutation]
 99549 | Zig:21   | Entered Level 21 of a ziggurat
 99646 | Zig:21   | Got a polished long sword
 99651 | Zig:21   | Got a twisted hand axe
 99656 | Zig:21   | Identified the Compendium of Assistive Execration
 99659 | Zig:21   | Got a coiled amber ring
 99661 | Zig:21   | Identified the ring of Joy {rN+ Str+4 Int+3 Dex-4} (You found it on level 21 of a ziggurat)
 99692 | Zig:21   | Got a crystal hand axe
 99714 | Zig:22   | Entered Level 22 of a ziggurat
 99736 | Zig:22   | Noticed Wunirch the pandemonium lord
 99743 | Zig:22   | Cast into level 5 of the Abyss (Wunirch)
 99743 | Abyss:5  | Entered Level 5 of the Abyss
 99899 | Abyss:5  | Gained mutation: Your body sometimes deteriorates upon taking damage. [a neqoxec]
 99904 | Abyss:5  | Gained mutation: Scrolls take you a little longer to read. [a neqoxec]
 99905 | Zig:22   | Escaped the Abyss
 99922 | Zig:22   | Got a transparent silver ring
 99924 | Zig:23   | Entered Level 23 of a ziggurat
 99926 | Zig:23   | Identified the ring "Kapsedgh" {rF+ EV+3 Dex+4} (You found it on level 22 of a ziggurat)
100068 | Zig:23   | Noticed an ancient lich
100069 | Zig:23   | Noticed an ancient lich
100069 | Zig:23   | Noticed an ancient lich
100073 | Zig:23   | Killed an ancient lich
100079 | Zig:23   | Killed an ancient lich
100079 | Zig:23   | Killed an ancient lich
100159 | Zig:23   | Got a crude chain mail
100163 | Zig:23   | Got an ancient shortbow
100205 | Zig:23   | Got an iridescent shortbow
100224 | Zig:24   | Entered Level 24 of a ziggurat
100241 | Zig:24   | Noticed an ancient lich
100243 | Zig:24   | Killed an ancient lich
100283 | Zig:24   | Got a warped longbow
100305 | Zig:24   | Got a slimy halberd
100319 | Zig:24   | Got an ancient ring mail
100322 | Zig:24   | Got a faintly glowing quarterstaff
100433 | Zig:25   | Entered Level 25 of a ziggurat
100447 | Zig:25   | Paralysed by accursed screaming for 1 turns
100457 | Zig:25   | Paralysed by accursed screaming for 1 turns
100464 | Zig:25   | Gained mutation: You have an uncontrollable temper. [a neqoxec]
100532 | Zig:25   | Identified the Reference Book on Hexes
100547 | Zig:25   | Got a dazzling trident
100551 | Zig:25   | Identified Mecu's Tome of Assistive Combat Magic
100728 | Zig:26   | Entered Level 26 of a ziggurat
100742 | Zig:26   | Reached skill level 15 in Fighting
100745 | Zig:26   | Noticed an ancient lich
100750 | Zig:26   | Killed an ancient lich
100754 | Zig:26   | Gained mutation: You are weak. (Str -2) [a neqoxec]
100804 | Zig:26   | Got a fine leather armour
100809 | Zig:26   | Got a pair of slimy gloves
100822 | Zig:26   | Identified the cursed +0 pair of gloves "Oqaotepn" {*Confuse Regen+ Str-2 Int+9} (You found it on level 26 of a ziggurat)
100839 | Zig:26   | Lost mutation: You are weak. (Str -2) [potion of cure mutation]
100839 | Zig:26   | Lost mutation: You tend to lose your temper in combat. [potion of cure mutation]
100839 | Zig:26   | Lost mutation: Your body sometimes deteriorates upon taking damage. [potion of cure mutation]
100839 | Zig:26   | Lost mutation: Your flesh is cold resistant. [potion of cure mutation]
100839 | Zig:26   | Lost mutation: Your natural rate of healing is unusually fast. [potion of cure mutation]
100839 | Zig:26   | Lost mutation: You are partially covered in large bone plates (AC +2, SH +2). [potion of cure mutation]
100840 | Zig:26   | Lost mutation: Scrolls take you a little longer to read. [potion of cure mutation]
100847 | Zig:26   | Got a pitted golden ring
100848 | Zig:26   | Identified the ring "Puohix" {Slay+5 Stlth+} (You found it on level 26 of a ziggurat)
100926 | Zig:27   | Entered Level 27 of a ziggurat
100932 | Zig:27   | Noticed an orb of fire
100932 | Zig:27   | Gained mutation: You have an increased reservoir of magic (+10% MP). [an orb of fire]
100932 | Zig:27   | Lost mutation: You have an increased reservoir of magic (+10% MP). [an orb of fire]
100933 | Zig:27   | Gained mutation: You have a somewhat thin skeletal structure (Dex +2, Stealth). [an orb of fire]
100936 | Zig:27   | Killed an orb of fire
100937 | Zig:27   | Noticed an orb of fire
100937 | Zig:27   | Noticed an orb of fire
100940 | Zig:27   | Noticed an orb of fire
100941 | Zig:27   | Noticed an orb of fire
100941 | Zig:27   | Noticed an orb of fire
100942 | Zig:27   | Noticed an orb of fire
100945 | Zig:27   | Gained mutation: Your spells are a little easier to cast, but a little less powerful. [an orb of fire]
100946 | Zig:27   | Gained mutation: You expend magic power (3 MP) to strengthen your wands. [an orb of fire]
100948 | Zig:27   | Noticed an orb of fire
100948 | Zig:27   | Noticed an orb of fire
100957 | Zig:27   | Gained mutation: You regenerate slowly when monsters are visible. [an orb of fire]
100960 | Zig:27   | Gained mutation: You have large cloven feet. [an orb of fire]
100961 | Zig:27   | Killed an orb of fire
100961 | Zig:27   | Killed an orb of fire
100961 | Zig:27   | Gained mutation: Scrolls take you a little longer to read. [an orb of fire]
100963 | Zig:27   | Gained mutation: Scrolls take you longer to read. [an orb of fire]
100963 | Zig:27   | Killed an orb of fire
100965 | Zig:27   | Gained mutation: Your magical capacity is low (-10% MP). [an orb of fire]
100990 | Zig:27   | Lost mutation: Scrolls take you longer to read. [potion of cure mutation]
100990 | Zig:27   | Lost mutation: Your magical capacity is low (-10% MP). [potion of cure mutation]
100990 | Zig:27   | Lost mutation: You regenerate slowly when monsters are visible. [potion of cure mutation]
100990 | Zig:27   | Lost mutation: Your spells are a little easier to cast, but a little less powerful. [potion of cure mutation]
100990 | Zig:27   | Lost mutation: Scrolls take you a little longer to read. [potion of cure mutation]
101000 | Zig:27   | Gained mutation: You are somewhat resistant to further mutation. [an orb of fire]
101002 | Zig:27   | Killed an orb of fire
101003 | Zig:27   | Killed from afar by an orb of fire

Skill      XL: |  1  2  3  4  5  6  7  8  9 10 11 12 13 14 15 16 17 18 19 20 21 22 23 24 25 26 27 |
---------------+----------------------------------------------------------------------------------+-----
Spellcasting   | 2 5 8 11 12 15 16 18 19 20 21 26 27 | 27.0
Short Blades   | 1 2 3 |  3.6
Translocations | 1 |  1.0
Shields        | 3 4 5 |  5.0
Fighting       | 1 3 7 8 11 13 18 | 18.3
Dodging        | 3 5 10 11 12 15 18 19 | 19.0
Long Blades    | 3 6 |  6.1
Conjurations   | 4 6 8 10 12 14 16 18 24 | 24.9
Air Magic      | 1 2 7 12 15 18 21 24 | 24.5
Charms         | 6 9 |  9.3
Fire Magic     | 3 7 9 11 | 11.2
Earth Magic    | 1 3 8 9 10 13 15 22 | 22.4
Transmutations | 5 6 |  6.4
Armour         | 3 11 | 11.1
Staves         | 4 13 | 13.0
Evocations     | 5 10 17 | 17.2
Throwing       | |  2.0
Hexes          | |  4.6

Action                   |  1- 3 |  4- 6 |  7- 9 | 10-12 | 13-15 | 16-18 | 19-21 | 22-24 | 25-27 || total
-------------------------+-------+-------+-------+-------+-------+-------+-------+-------+-------++-------
Melee: Unarmed           |    17 |       |     3 |       |       |       |       |       |       ||    20
       Dagger            |    67 |   356 |    59 |       |       |       |       |       |       ||   482
       Scimitar          |       |       |   392 |   298 |   328 |   162 |   200 |    94 |       ||  1474
       Blowgun           |       |       |       |       |       |       |     1 |       |       ||     1
       Staff             |       |       |       |       |       |       |       |    30 |   231 ||   261
Throw: Javelin           |    15 |    36 |    25 |       |       |       |       |       |       ||    76
       Tomahawk          |       |    13 |    29 |       |       |       |       |       |       ||    42
       Throwing net      |       |     1 |     1 |       |       |       |       |       |       ||     2
 Cast: Corona            |    31 |    55 |    64 |    10 |       |       |       |       |       ||   160
       Slow              |    10 |    40 |    55 |     6 |     1 |       |       |       |       ||   112
       Gell's Gravitas   |       |     5 |     3 |       |       |       |       |       |       ||     8
       Static Discharge  |       |       |    27 |    39 |       |    54 |     3 |       |       ||   123
       Repel Missiles    |       |       |     1 |     1 |     2 |       |       |       |       ||     4
       Fireball          |       |       |       |   203 |   465 |   557 |   394 |   223 |   105 ||  1947
       Bolt of Magma     |       |       |       |       |    33 |       |       |       |       ||    33
       Iron Shot         |       |       |       |       |    32 |    76 |    19 |     3 |       ||   130
       Delayed Fireball  |       |       |       |       |     5 |    14 |     9 |     3 |       ||    31
       Lightning Bolt    |       |       |       |       |     1 |       |       |       |       ||     1
       Statue Form       |       |       |       |       |     4 |    54 |   125 |   102 |    88 ||   373
       Bolt of Fire      |       |       |       |       |    18 |   106 |    78 |    10 |     1 ||   213
       Deflect Missiles  |       |       |       |       |     2 |     4 |     4 |     2 |     6 ||    18
       Lehudib's Crystal |       |       |       |       |       |    14 |   119 |    82 |    61 ||   276
       Chain Lightning   |       |       |       |       |       |       |    73 |   323 |   359 ||   755
       Haste             |       |       |       |       |       |       |     1 |     2 |    13 ||    16
       Blink             |       |       |       |       |       |       |       |     1 |     1 ||     2
       Tornado           |       |       |       |       |       |       |       |     5 |    81 ||    86
       Shatter           |       |       |       |       |       |       |       |       |    34 ||    34
       Regeneration      |       |       |       |       |       |       |       |       |     7 ||     7
 Abil: Release Delayed F |       |       |       |       |     4 |    14 |     9 |     3 |       ||    30
       End Transformatio |       |       |       |       |       |     1 |     3 |     2 |     7 ||    13
Evoke: Wand              |       |     1 |     4 |     2 |     2 |       |     5 |    13 |    31 ||    58
       Staff of energy   |       |       |       |       |       |       |       |       |    58 ||    58
  Use: Scroll            |     4 |     9 |     6 |    12 |    16 |    18 |     6 |    15 |    42 ||   128
       Potion            |     1 |     2 |     1 |     3 |     1 |     5 |     3 |     3 |    26 ||    45
 Stab: Sleeping          |       |     1 |     3 |     1 |       |       |       |       |       ||     5
       Distracted        |       |       |       |       |     1 |     1 |       |       |     1 ||     3
  Eat: Chunk             |     4 |    12 |    22 |    38 |    44 |    42 |    74 |    21 |    24 ||   281
       Beef jerky        |       |     3 |     2 |     3 |     1 |     3 |     1 |     1 |     5 ||    19
       Pizza             |       |       |     1 |     1 |       |     2 |     1 |     5 |     1 ||    11
       Fruit             |       |       |       |     6 |     5 |    11 |     1 |       |     9 ||    32
       Meat ration       |       |       |       |     2 |       |     1 |     1 |    12 |     6 ||    22
       Royal jelly       |       |       |       |     1 |       |     1 |     2 |       |     9 ||    13
Armor: Robe              |     9 |    73 |   138 |    88 |    89 |    77 |    31 |       |       ||   505
       Skin              |       |       |     2 |       |    42 |   259 |   190 |   437 |   616 ||  1546
       Leather armour    |       |       |       |       |       |       |     1 |    81 |    35 ||   117
       Mottled dragon ar |       |       |       |       |       |       |       |       |    14 ||    14
Dodge: Dodged            |    60 |   165 |   293 |   195 |   239 |   770 |   494 |   446 |   974 ||  3636
       Deflected         |       |       |     1 |     2 |    11 |    45 |    61 |    27 |    84 ||   231
Block: Buckler           |       |    61 |   109 |    79 |   102 |   231 |   254 |   295 |   332 ||  1463
       Reflection        |       |       |       |       |       |       |    28 |    28 |       ||    56
